[Event "Canary Islands-chW 2019"]
[Site "La Palma"]
[Date "2019.05.02"]
[Round "1.1"]
[White "Otero Campos, Sofia"]
[Black "Sosa Suarez, Carla Cristina"]
[Result "0-1"]
[ECO "D02"]
[WhiteElo "1371"]
[BlackElo "2093"]
[Annotator "NA"]
[PlyCount "92"]
[EventDate "2019.05.02"]
[EventType "swiss"]
[EventCountry "ESP"]
[SourceTitle "playchess.com"]
[Source "ChessBase"]
[SourceQuality "1"]
[TimeControl "5400+30"]

1. d4 d5 2. Bf4 Nf6 3. e3 c5 4. c3 Nc6 5. Nf3 Qb6 6. Qb3 Qd8 7. Nbd2 e6 8. Be2 Be7 9. O-O Nh5 10. Bg3 Nxg3 11. hxg3 O-O 12. Rac1 b6 13. Rfe1 Bb7 14. Nf1 g6 15. N1h2 h5 16. Nf1 Rc8 17. N1d2 Kg7 18. Qc2 Bf6 19. Qb3 Rc7 20. a4 Qd7 21. dxc5 bxc5 22. e4 Rd8 23. exd5 exd5 24. c4 Nb4 25. cxd5 Bxd5 26. Qd1 Bxb2 27. Rb1 Bf6 28. Bb5 $2 (28. Nc4) 28... Qf5 29. Qe2 Na2 30. Bd3 (30. Qf1 {was forced.}) 30... Qg4 31. Nh2 $2 (31. Qe3) 31... Qxe2 32. Bxe2 Nc3 33. Rbc1 Bc6 34. a5 $2 (34. Nhf1) 34... Rxd2 35. Bc4 Bd4 36. Rf1 Ne2+ $19 37. Bxe2 Rxe2 38. Nf3 Bxf3 39. gxf3 c4 40. Rcd1 Rd7 41. Rc1 c3 42. a6 c2 43. Kg2 Bb2 44. Rce1 Rxe1 45. Rxe1 c1=Q 46. Rxc1 Bxc1 0-1

[Event "Canary Islands-chW 2019"]
[Site "La Palma"]
[Date "2019.05.02"]
[Round "1.2"]
[White "Rodriguez Redondo, Adhara"]
[Black "Bethencourt Hernandez, Valeria"]
[Result "1-0"]
[ECO "C55"]
[WhiteElo "1883"]
[BlackElo "1237"]
[Annotator "NA"]
[PlyCount "97"]
[EventDate "2019.05.02"]
[EventType "swiss"]
[EventCountry "ESP"]
[SourceTitle "playchess.com"]
[Source "ChessBase"]
[SourceQuality "1"]
[TimeControl "5400+30"]

1. e4 e5 2. Nf3 Nc6 3. Bc4 Nf6 4. d3 Be7 5. c3 a6 6. O-O O-O 7. Nbd2 d5 8. exd5 Nxd5 9. Re1 Bg4 10. h3 Bxf3 11. Nxf3 Bf6 12. a4 Re8 13. a5 b6 14. Qb3 Nxa5 15. Rxa5 bxa5 16. Bxd5 Rb8 17. Bxf7+ Kh8 18. Qa4 Rf8 19. Bc4 Qd6 20. Qxa5 Rfe8 21. Qxa6 h6 22. Qxd6 cxd6 23. Bd5 Re7 24. d4 g5 25. g3 Kg7 26. Kg2 Kg6 27. Re2 Rb5 28. Be4+ Kf7 29. d5 Rc5 30. Be3 Rb5 31. b4 Kg7 32. Bd2 Rc7 33. Ne1 Bd8 34. Nc2 Ra7 35. Ne3 Rbb7 36. Nf5+ Kf6 37. Nxd6 Rd7 38. Nc4 Rac7 39. Ne3 h5 40. c4 Ra7 41. c5 Rg7 42. Nc4 Bc7 43. d6 Bd8 44. Bc3 Ke6 45. Nxe5 Rg8 46. Nc6 Rd7 47. Bh7+ Kd5 48. Bxg8+ Kxc6 49. Bc4 {[%emt 0:00:14] Kd5 [%emt 00:00:18]} 1-0

[Event "Canary Islands-chW 2019"]
[Site "La Palma"]
[Date "2019.05.03"]
[Round "2.1"]
[White "Sosa Suarez, Carla Cristina"]
[Black "Barrera Martin, Nayra"]
[Result "1-0"]
[ECO "C55"]
[WhiteElo "2093"]
[BlackElo "1584"]
[Annotator "NA"]
[PlyCount "137"]
[EventDate "2019.05.02"]
[EventType "swiss"]
[EventCountry "ESP"]
[SourceTitle "playchess.com"]
[Source "ChessBase"]
[SourceQuality "1"]
[TimeControl "5400+30"]

1. e4 e5 2. Nf3 Nc6 3. Bc4 Nf6 4. d3 Be7 5. O-O d6 6. c3 a6 7. Bb3 O-O 8. Re1 Be6 9. d4 Bxb3 10. Qxb3 Qc8 11. h3 Na5 12. Qa4 Nc6 13. Bg5 Re8 14. Qd1 Nd7 15. Bh4 Bxh4 16. Nxh4 Nf6 17. d5 Ne7 18. Nd2 Qd7 19. Nc4 a5 20. Qf3 Qb5 21. Qe2 a4 22. Rad1 Qd7 23. Qf3 b5 24. Ne3 Rab8 25. a3 Rb6 26. Nhf5 Ng6 27. Kh2 Qd8 28. Nc2 c6 29. dxc6 Rxc6 30. Nb4 Rb6 31. Rd2 Re6 32. Red1 Ne7 33. Nxe7+ Rxe7 34. Qe2 Rd7 35. Nc2 Qa8 36. f3 Nh5 37. Qf2 Qd8 38. Ne3 Nf6 39. Nf5 g6 40. Ne3 Rc6 41. Qe2 Qb8 42. Kg1 Rc8 43. Kh2 Kg7 44. Nd5 Rc5 45. Nxf6 Kxf6 46. Qe3 Ke7 47. Qg5+ f6 48. Qh6 Qg8 49. Qe3 Qe6 50. Rd5 Rxd5 51. Rxd5 Rb7 52. Kg1 f5 53. Qg5+ Kd7 54. Qe3 Kc6 55. Qd3 fxe4 56. fxe4 Rb6 57. Qe2 Qd7 58. Rd1 Rb8 59. Qd3 Qe6 60. Rc1 Qc4 61. Qf3 Rb7 62. Rf1 Re7 63. Qg4 Kc7 64. Qf3 Qe6 65. Rd1 Rf7 66. Qd3 Qc4 67. Qxd6+ Kb7 68. Qd5+ Qc6 69. Qxf7+ 1-0

[Event "Canary Islands-chW 2019"]
[Site "La Palma"]
[Date "2019.05.03"]
[Round "2.2"]
[White "Sanabria Taskila, Jenny Maria"]
[Black "Rodriguez Redondo, Adhara"]
[Result "0-1"]
[ECO "C64"]
[WhiteElo "1815"]
[BlackElo "1883"]
[Annotator "NA"]
[PlyCount "80"]
[EventDate "2019.05.02"]
[EventType "swiss"]
[EventCountry "ESP"]
[SourceTitle "playchess.com"]
[Source "ChessBase"]
[SourceQuality "1"]
[TimeControl "5400+30"]

1. e4 e5 2. Nf3 Nc6 3. Bb5 Bc5 4. c3 Nf6 5. d4 exd4 6. O-O d5 7. cxd4 Be7 8. Ne5 Bd7 9. exd5 Nxe5 10. dxe5 Bxb5 11. exf6 gxf6 12. Re1 Qd7 13. Nc3 Ba6 14. b4 O-O-O 15. b5 Bxb5 16. Rxe7 Qxe7 17. Nxb5 Rxd5 18. Nxa7+ Kb8 19. Bd2 Qd7 20. Rb1 Kxa7 21. Qb3 b6 22. Be3 Qd6 23. Bf4 Qxf4 24. Qxd5 Re8 25. Qd3 Qe4 26. Qxe4 Rxe4 27. Kf1 c5 28. Rd1 Re7 29. Rc1 Ka6 30. Rc4 Kb5 31. Rc2 Re6 32. Rc3 c4 33. a3 Kc5 34. Rh3 Kd4 35. Rxh7 c3 36. Rxf7 c2 37. Rc7 Kd3 38. h4 Kd2 39. Rd7+ Kc3 40. Rc7+ Kb2 0-1

[Event "Canary Islands-chW 2019"]
[Site "La Palma"]
[Date "2019.05.03"]
[Round "3.1"]
[White "Rodriguez Redondo, Adhara"]
[Black "Mukhi Talreja, Ishita Tina"]
[Result "1-0"]
[ECO "B74"]
[WhiteElo "1883"]
[BlackElo "1493"]
[Annotator "NA"]
[PlyCount "57"]
[EventDate "2019.05.02"]
[EventType "swiss"]
[EventCountry "ESP"]
[SourceTitle "playchess.com"]
[Source "ChessBase"]
[SourceQuality "1"]
[TimeControl "5400+30"]

1. e4 c5 2. Nf3 d6 3. d4 cxd4 4. Nxd4 Nf6 5. Nc3 g6 6. Be2 Bg7 7. O-O O-O 8. f4 Nc6 9. Be3 Bd7 10. Nb3 Rc8 11. Bf3 a6 12. a4 Be6 13. Kh1 Bc4 14. Rf2 Nd7 15. Rd2 Bxc3 16. bxc3 Qc7 17. e5 d5 18. Bxd5 Bxd5 19. Rxd5 Ncb8 20. Rd3 Nb6 21. Bxb6 Qxb6 22. Qg4 Rc4 23. Qh4 Nc6 24. Qh6 Rd8 25. Rh3 e6 26. Qxh7+ Kf8 27. Qh8+ Ke7 28. Qf6+ Kd7 29. Qxf7+ 1-0

[Event "Canary Islands-chW 2019"]
[Site "La Palma"]
[Date "2019.05.03"]
[Round "3.2"]
[White "Hernandez Capote, Carmen"]
[Black "Sosa Suarez, Carla Cristina"]
[Result "0-1"]
[ECO "E05"]
[WhiteElo "1691"]
[BlackElo "2093"]
[Annotator "NA"]
[PlyCount "86"]
[EventDate "2019.05.02"]
[EventType "swiss"]
[EventCountry "ESP"]
[SourceTitle "playchess.com"]
[Source "ChessBase"]
[SourceQuality "1"]
[TimeControl "5400+30"]

1. Nf3 e6 2. c4 d5 3. g3 Nf6 4. Bg2 Be7 5. d4 O-O 6. O-O dxc4 7. Qa4 a6 8. Qxc4 b5 9. Qc2 Bb7 10. Nbd2 Nbd7 11. Ne5 {[%emt 0:09:25] E05: Open Catalan: 5 Nf3 Be7} (11. Nb3 Rc8 12. Be3 Be4 13. Qd1 c5 14. dxc5 Nxc5 15. Nxc5 Bxc5 16. Bxc5 Rxc5 17. Qxd8 Rxd8 18. Rfc1 Rdc8 19. Rxc5 Rxc5 20. Rd1 Kf8 21. Ne1 Bxg2 22. Kxg2 Ke7 {½-½ (22) Mamedov,R (2628)-Gagunashvili,M (2570) Tbilisi 2012}) 11... Bxg2 12. Kxg2 Nxe5 13. dxe5 Nd5 14. Nf3 c5 15. a3 Qc7 16. Bg5 Rfd8 $146 ({Predecessor:} 16... h6 17. Bxe7 Nxe7 18. Rac1 Rac8 {1-0 (32) Hoehn,M (2052)-Spitzl,P (2065) Hessen 2017}) 17. Rfd1 Rac8 18. Rac1 c4 19. Bxe7 Qxe7 20. e4 Nb6 21. Qe2 Na4 22. Rc2 Nc5 23. Rxd8+ Rxd8 ({Don't play} 23... Qxd8 24. Rd2 $17) 24. Qe3 Rd3 25. Qf4 h6 26. h4 Qd8 27. g4 Rd1 28. g5 Nd3 29. Qg4 hxg5 30. Nxg5 Ne1+ 31. Kh2 Nxc2 32. Qh5 Qd7 33. Qh7+ Kf8 34. Qh8+ Ke7 35. Qxg7 Kd8 36. Qf8+ Kc7 37. Nxf7 Nd4 38. Qa8 Nc6 39. Nd6 Rxd6 40. exd6+ Qxd6+ 41. Kg2 Qf4 42. Qxa6 Qxe4+ $19 43. Kg3 Qe5+ 0-1

[Event "Canary Islands-chW 2019"]
[Site "La Palma"]
[Date "2019.05.04"]
[Round "4.1"]
[White "Sosa Suarez, Carla Cristina"]
[Black "Rodriguez Redondo, Adhara"]
[Result "1-0"]
[ECO "C64"]
[WhiteElo "2093"]
[BlackElo "1883"]
[Annotator "NA RC"]
[PlyCount "119"]
[EventDate "2019.05.02"]
[EventType "swiss"]
[EventCountry "ESP"]
[SourceTitle "playchess.com"]
[Source "ChessBase"]
[SourceQuality "1"]
[TimeControl "5400+30"]

1. e4 e5 2. Nf3 Nc6 3. Bb5 Bc5 4. c3 Nf6 5. d4 exd4 6. O-O {[%emt 0:00:30] C64: Ruy Lopez: Classical Defence (3...Bc5) except 4 0-0 Nf6} (6. e5 Ne4 7. cxd4 Bb4+ 8. Nbd2 O-O 9. O-O Nxd2 10. Bxd2 Bxd2 11. Qxd2 Ne7 12. Ng5 d6 13. f4 Bf5 14. Rae1 dxe5 15. fxe5 {1-0 (50) Anand,V (2779)-Vallejo Pons,F (2711) Doha 2016}) 6... dxc3 7. e5 Ng4 8. Nxc3 O-O 9. Bg5 Be7 10. Bxe7 Nxe7 11. h3 $146 ({Predecessor:} 11. Qc2 Ng6 12. Rfe1 Nh4 13. Nxh4 Qxh4 {1-0 (21) Schmitz,N-Larsen,M Tromsoe 1999}) 11... Nh6 12. Re1 a6 13. Ba4 b5 14. Bc2 Bb7 15. Ne4 Ng6 16. Qd3 Qe7 17. h4 Bxe4 ({Black should play} 17... Rfe8 $11) 18. Qxe4 Rfe8 19. h5 Nf8 20. Rad1 Rad8 21. Rc1 d5 22. exd6 $1 Qxe4 23. Bxe4 cxd6 24. Bb7 Rxe1+ 25. Rxe1 a5 26. Nd4 Ne6 27. Nxe6 fxe6 28. Rxe6 Kf8 29. Be4 Kf7 30. Bd5 Kf8 31. Kf1 Ng4 32. Bc6 b4 33. f4 Nf6 34. Bf3 Kf7 35. Re2 Rc8 36. Kf2 Rc5 37. g4 h6 38. Ke3 $11 Nd7 39. Kd4 Nb6 40. Be4 Kf6 41. b3 a4 42. Bf5 Rd5+ 43. Ke4 axb3 44. axb3 Rc5 45. Kd4 Rd5+ 46. Ke4 Rc5 47. Rd2 Rc6 48. Rd3 Ke7 49. Rd4 d5+ 50. Ke5 Rc1 51. Rxb4 Re1+ 52. Kd4 Rd1+ 53. Kc5 Nd7+ 54. Bxd7 Kxd7 55. Rd4 Rc1+ 56. Kxd5 Rg1 57. Ke5+ Ke7 58. Kf5 Rb1 59. b4 Rb3 60. Ke4 1-0

[Event "Canary Islands-chW 2019"]
[Site "La Palma"]
[Date "2019.05.04"]
[Round "4.2"]
[White "Mukhi Talreja, Ishita Tina"]
[Black "Rodriguez Centenera, Sara"]
[Result "0-1"]
[ECO "D02"]
[WhiteElo "1493"]
[BlackElo "1709"]
[Annotator "NA RC"]
[PlyCount "96"]
[EventDate "2019.05.02"]
[EventType "swiss"]
[EventCountry "ESP"]
[SourceTitle "playchess.com"]
[Source "ChessBase"]
[SourceQuality "1"]
[TimeControl "5400+30"]

1. d4 d5 2. g3 Nf6 3. Bg2 Bg4 4. Nf3 Nbd7 5. Nbd2 e6 6. O-O h6 7. Re1 Be7 8. c4 c6 9. b3 O-O 10. Bb2 Qa5 11. a3 Rfc8 12. h3 Bf5 13. g4 Bh7 14. g5 Ne4 15. gxh6 Nxd2 16. Nxd2 Bg5 17. b4 Qc7 18. e4 Qf4 19. Bc1 Bxh6 20. Nf3 Qf6 21. e5 Qg6 22. Nh4 Qd3 23. Bxh6 Qxd1 24. Rexd1 gxh6 25. cxd5 cxd5 26. Rdc1 Nb6 27. Nf3 Nc4 28. a4 a5 29. b5 b6 30. Bf1 Be4 31. Bxc4 dxc4 32. Nd2 Bd3 33. Ra3 Rab8 34. Rac3 Rd8 35. Nxc4 Rxd4 36. Nb2 Bf5 37. Kg2 Kh7 38. Rc7 Rg8+ 39. Kh2 Rd2 40. Rxf7+ Kh8 41. Nd1 Be4 42. Rf6 Rg2+ 43. Kh1 Rgxf2+ 44. Kg1 Rg2+ 45. Kf1 Bd3+ 46. Ke1 Rde2+ 47. Kf1 Rc2+ 48. Ke1 Rg1+ 0-1

[Event "Canary Islands-chW 2019"]
[Site "La Palma"]
[Date "2019.05.04"]
[Round "5.1"]
[White "Rodriguez Centenera, Sara"]
[Black "Sosa Suarez, Carla Cristina"]
[Result "0-1"]
[ECO "D35"]
[WhiteElo "1709"]
[BlackElo "2093"]
[Annotator "NA"]
[PlyCount "112"]
[EventDate "2019.05.02"]
[EventType "swiss"]
[EventCountry "ESP"]
[SourceTitle "playchess.com"]
[Source "ChessBase"]
[SourceQuality "1"]
[TimeControl "5400+30"]

1. d4 e6 2. c4 d5 3. Nc3 Nf6 4. cxd5 exd5 5. Bg5 Be7 6. e3 O-O 7. Bd3 Nbd7 8. Nge2 Re8 9. Nf4 {[%emt 0:04:20] D35: Queen's Gambit Declined: Exchange Variation} (9. O-O c6 10. Qc2 Nf8 11. f3 g6 12. Rad1 Ne6 13. Bh4 b5 14. Bf2 Bb7 15. Nc1 Rc8 16. Nb3 a6 17. Ne2 c5 18. dxc5 Nxc5 19. Nxc5 Bxc5 20. Qd2 {½-½ (59) Wojtaszek,R (2746)-Buhmann,R (2633) Germany 2016}) 9... c6 10. O-O Nf8 $146 ({Predecessor:} 10... h6 11. Bxf6 Nxf6 12. Kh1 Kh8 13. Rg1 Bd6 14. g4 g5 15. Nh3 Rg8 16. Qf3 h5 17. Bf5 Bxf5 18. Qxf5 Nxg4 19. Rxg4 hxg4 20. Qxg4 {0-1 (25) Vyzhimov,V-Borisenko,V Dnipropetrovsk 2004}) 11. Bxf6 Bxf6 12. b4 g6 13. a4 Ne6 14. Nfe2 Bg7 15. Rb1 Ng5 16. Ng3 f5 17. Qc1 Be6 18. b5 Qe7 19. bxc6 bxc6 20. Nce2 Rec8 21. Ba6 Rc7 22. Nf4 Bc8 23. Be2 Ne6 24. Nd3 f4 25. exf4 Nxd4 26. Re1 Qf8 27. Ne5 Nxe2+ 28. Nxe2 Bf5 29. Rb3 Rac8 30. Nd4 c5 31. Rc3 Rb7 32. g4 cxd4 33. Rxc8 Bxc8 34. Qc6 Re7 35. Qxd5+ Be6 36. Qxd4 Bxg4 37. Qc4+ Be6 38. Qb4 Re8 39. Qb5 g5 40. f5 Bxf5 41. Qd5+ Be6 42. Qb5 Bf7 43. Re3 Rb8 44. Qd7 Rb1+ 45. Kg2 Qa8+ 46. Nc6 Rc1 47. Rf3 Qxc6 48. Qxf7+ Kh8 49. Qxa7 h6 50. Qb8+ Kh7 51. h3 Qxa4 52. Qb7 Qc4 ({Worse is} 52... Qd1 53. Qe4+ Kh8 54. Qe8+ Kh7 55. Qe4+ Kh8 56. Qe8+ Kh7 57. Qe4+ $11) 53. Kh2 Qe6 ({Inferior is} 53... Qf1 54. Qe4+ Kh8 55. Qe8+ Kh7 56. Qe4+ Kh8 57. Qe8+ Kh7 58. Qe4+ $11) 54. Re3 Qf5 55. Rf3 (55. Qe4 $19 Qxe4 56. Rxe4) 55... Qe5+ 56. Kg2 Qe1 0-1

[Event "Canary Islands-chW 2019"]
[Site "La Palma"]
[Date "2019.05.04"]
[Round "5.2"]
[White "Hernandez Capote, Carmen"]
[Black "Rodriguez Redondo, Adhara"]
[Result "1/2-1/2"]
[ECO "E05"]
[WhiteElo "1691"]
[BlackElo "1883"]
[Annotator "NA RC"]
[PlyCount "75"]
[EventDate "2019.05.02"]
[EventType "swiss"]
[EventCountry "ESP"]
[SourceTitle "playchess.com"]
[Source "ChessBase"]
[SourceQuality "1"]
[TimeControl "5400+30"]

1. d4 d5 2. c4 e6 3. Nf3 Nf6 4. g3 Be7 5. Bg2 O-O 6. O-O dxc4 7. Qc2 b5 8. Ne5 {[%emt 0:02:05] E05: Open Catalan: 5 Nf3 Be7} (8. a4 b4 9. Nfd2 c6 10. Nxc4 Qxd4 11. Rd1 Qc5 12. b3 Ba6 13. Nbd2 Nbd7 14. Bb2 Rad8 15. e3 Qh5 {0-1 (38) Maghsoodloo,P (2688)-Nakamura,H (2746) St Petersburg 2018}) 8... Qxd4 9. Bxa8 Qxe5 10. Bg2 $146 ({Predecessor:} 10. Bf4 Qh5 11. Bf3 Ng4 12. h4 e5 13. Bd2 Bxh4 14. gxh4 Qxh4 15. Bxg4 Qxg4+ {0-1 (24) Nasos,K (1346)-Vitsaxakis,N (1841) Porto Rio 2016}) 10... Na6 11. a3 Qh5 12. Nc3 Bd7 13. Ne4 Nxe4 14. Bxe4 f5 15. Bf3 Qf7 16. Be3 Bd6 17. Rad1 Nb8 18. Bxa7 Nc6 19. Be3 Ne5 20. Bg2 Ng4 21. Bd2 Qh5 22. h3 Nf6 23. Bb4 Bxb4 24. axb4 Nd5 25. Qd2 c6 26. Ra1 ({Don't play} 26. Bxd5 $6 exd5 27. Qf4 Qxe2 $11) 26... h6 27. Ra7 Rf7 28. Rfa1 Kh7 29. e3 Qg5 30. Rb7 Be8 31. Raa7 Rxb7 32. Rxb7 Qf6 33. Bxd5 cxd5 34. Qd4 Kg6 (34... Qxd4 $142 35. exd4 Kg6) 35. f4 Qxd4 36. exd4 Kf6 37. Kf2 g6 $18 38. Kf3 {[%emt 0:00:32] Ke5 [%emt 00:00:25] Ke4+} 1/2-1/2

[Event "Canary Islands-chW 2019"]
[Site "La Palma"]
[Date "2019.05.05"]
[Round "6.1"]
[White "Sosa Suarez, Carla Cristina"]
[Black "Sanabria Taskila, Jenny Maria"]
[Result "1-0"]
[ECO "B57"]
[WhiteElo "2093"]
[BlackElo "1815"]
[Annotator "NA"]
[PlyCount "121"]
[EventDate "2019.05.02"]
[EventType "swiss"]
[EventCountry "ESP"]
[SourceTitle "playchess.com"]
[Source "ChessBase"]
[SourceQuality "1"]
[TimeControl "5400+30"]

1. e4 c5 2. Nf3 d6 3. d4 cxd4 4. Nxd4 Nf6 5. Nc3 Nc6 6. Bc4 Qb6 7. Nb3 e6 8. Bf4 Ne5 9. Be2 a6 10. Be3 Qc7 11. f4 Nc4 12. Bxc4 Qxc4 13. Qf3 Bd7 {[%emt 0:06:43] B57: Classical Sicilian: Sozin with 6...Qb6} (13... Qc7 14. g4 h6 15. h4 h5 16. g5 Ng4 17. O-O-O b5 18. a3 Bb7 19. f5 Rc8 20. Bd4 e5 21. Bg1 {1-0 (51) Pichot,A (2492)-Henriquez Villagra,C (2489) Buenos Aires 2015}) 14. O-O-O Rc8 15. Kb1 b5 $146 ({Predecessor:} 15... Qc7 16. g4 Bc6 17. Nd4 e5 18. Nxc6 bxc6 19. fxe5 dxe5 20. Rhf1 h6 21. h4 {1-0 (36) Dukaczewski,P (2290)-Riegler,D (2190) Zakopane 2000}) 16. Rd4 Qc7 17. Qe2 Be7 18. Bf2 e5 19. Rd2 Qc4 20. Re1 O-O 21. fxe5 dxe5 22. Bg3 Qxe2 23. Rexe2 Bg4 24. Re1 Nd7 25. Nd5 Bg5 26. Rf2 h5 27. h4 Bd8 28. Ne3 Be6 29. Nc1 Bb6 30. Nd3 f6 31. Rd2 Ba5 32. c3 Rb8 33. a3 Rfc8 34. Nb4 Nc5 35. Ned5 Bd8 36. Bf2 $2 (36. Nc2 $17) 36... Nb3 37. Rd3 a5 38. Nc2 Kf7 39. Na1 Nxa1 40. Kxa1 a4 41. Kb1 Rc4 42. Kc1 g5 (42... Ba5 $17) 43. hxg5 fxg5 ({Better is} 43... f5 $11 44. exf5 Bxg5+ 45. Ne3 Bxf5) 44. Bg3 $1 Rb7 45. Bxe5 Rd7 46. Nb4 $11 (46. Rf3+ $16 Kg6 47. Nb6) 46... Rxd3 47. Nxd3 g4 48. Bd4 Bg5+ 49. Kc2 Rc8 50. Rf1+ Ke8 51. Nc5 Bd7 52. Nxd7 Kxd7 53. Rf5 Rg8 54. Rxb5 h4 55. Rb7+ Ke6 56. Rh7 Rg6 57. Bf2 g3 58. Bd4 Bh6 59. Ra7 Bf4 60. Rxa4 Rg4 61. Ra6+ {[%emt 0:00:16] Kd5 [%emt 00:00:12]} 1-0

[Event "Canary Islands-chW 2019"]
[Site "La Palma"]
[Date "2019.05.05"]
[Round "6.2"]
[White "Rodriguez Redondo, Adhara"]
[Black "Rodriguez Centenera, Sara"]
[Result "1-0"]
[ECO "B36"]
[WhiteElo "1883"]
[BlackElo "1709"]
[Annotator "NA RC"]
[PlyCount "63"]
[EventDate "2019.05.02"]
[EventType "swiss"]
[EventCountry "ESP"]
[SourceTitle "playchess.com"]
[Source "ChessBase"]
[SourceQuality "1"]
[TimeControl "5400+30"]

1. e4 c5 2. Nf3 Nc6 3. d4 cxd4 4. Nxd4 g6 5. c4 Nf6 6. Nc3 d6 7. Be2 Nxd4 8. Qxd4 Bg7 9. Be3 O-O 10. Qd2 Bg4 11. f3 Be6 12. O-O a5 13. b3 Nd7 14. Rac1 Nc5 15. Rfd1 Rc8 16. Nb5 Rc6 17. Nd4 Rc8 18. Nxe6 fxe6 19. Qc2 Qb6 20. Kh1 Qb4 21. Bd2 Qb6 22. Rb1 Qa7 23. a3 a4 24. b4 Nb3 25. Bc3 Rfd8 26. Bxg7 Kxg7 27. Qb2+ Kg8 28. Rd3 Rxc4 29. Rxb3 Rc6 30. Rc3 Rdc8 31. Rxc6 Rxc6 32. b5 1-0